 Dungeon Sprint DCSS version 0.15-a0-1253-g15b4f57 (webtiles) character file.

175122 MDvedh the Minotaur Barricade (level 16, 160/174 HPs)
             Began as a Minotaur Death Knight on June 4, 2014.
             Was the Champion of Yredelemnul.
             Quit the game in the Dungeon (Sprint IX: "|||||||||||||||||||||||||||||").
             The game lasted 00:23:28 (7800 turns).

MDvedh the Minotaur Barricade (MiDK)                Turns: 7800, Time: 00:23:28

HP 160/174       AC 37     Str 30      XL: 16   Next:  8%
MP  35/35        EV  7     Int 11      God: Yredelemnul [******]
Gold 627         SH 56     Dex 13      Spells:  0 memorised, 15 levels left

rFire  + . .     SeeInvis .     H - +4,+6 demon whip
rCold  + + .     Clarity  .     M - +6 gold dragon armour
rNeg   + . .     rCorr    .     a - +0 large shield {rN+}
rPois  +         rRot     .     (helmet restricted)
rElec  .         Spirit   .     o - +0 cloak
SustAb .         Warding  .     s - +2 pair of gloves {Str+3}
rMut   .         NoTele   +     (no boots)
Gourm  .                        (no amulet)
MR     +....                    q - +3 ring of strength
                                b - +3 ring of intelligence

@: wreathed by umbra, somewhat resistant to hostile enchantments, extremely
unstealthy
A: retaliatory headbutt, horns 2, agile 1, cold resistance 1, fast metabolism 1
a: Animate Dead, Recall Undead Slaves, Injury Mirror, Drain Life, Enslave Soul,
Renounce Religion
}: 4/15 runes: decaying, serpentine, barnacled, gossamer


You were in the Dungeon.
You worshipped Yredelemnul.
Yredelemnul was exalted by your worship.
You were hungry.

You visited 1 branch You collected 1917 gold pieces.
You spent 1290 gold pieces at shops.

Inventory:

Hand weapons
 n - a +2,+2 dire flail of crushing
 H - a +4,+6 demon whip (weapon)
Armour
 a - a +0 large shield of positive energy (worn)
 o - a +0 cloak (worn)
 s - a +2 pair of gloves of strength (worn)
 M - a +6 gold dragon armour (worn)
Magical devices
 m - a wand of draining (7)
 w - a wand of heal wounds (3)
 z - a wand of confusion (14)
 K - a wand of enslavement (15) {unknown}
Comestibles
 c - 7 bread rations
 B - 40 fruits
 C - 12 meat rations
Scrolls
 i - 4 scrolls of blinking
 k - 5 scrolls of remove curse
 l - 2 scrolls of amnesia
 u - 4 scrolls of recharging
 v - 3 scrolls of fear
 y - a scroll of identify
 D - 2 scrolls of enchant weapon II
Jewellery
 b - a +3 ring of intelligence (left hand)
 q - a +3 ring of strength (right hand)
 E - an uncursed ring of protection from fire
 F - an uncursed ring of protection from cold
 G - an uncursed ring of protection from cold
 I - an uncursed ring of regeneration
 J - a +4 ring of protection
 L - a +4 ring of protection
Potions
 d - 15 potions of curing
 e - 11 potions of heal wounds
 f - 6 potions of haste
 g - 4 potions of magic
 h - 2 potions of berserk rage
 j - a potion of invisibility
 p - a potion of cure mutation
 r - a potion of brilliance
 t - a potion of resistance
 x - a potion of might
 A - a potion of flight


   Skills:
 + Level 23.8 Fighting
 + Level 19.3 Maces & Flails
 + Level 23.8 Armour
 - Level 1.1 Dodging
 O Level 27 Shields
 + Level 22.7 Invocations


You had 15 spell levels left.
You didn't know any spells.

Dungeon Overview and Level Annotations

Branches:
Dungeon (1/1)

Altars:
Cheibriados
Dithmenos
Elyvilon
Fedhas
Gozag
Kikubaaqudgha
Makhleb
Nemelex Xobeh
Okawaru
Qazlal
Sif Muna
Trog
Vehumet
Xom
Yredelemnul
Zin
The Shining One
Beogh
Jiyva
Lugonu

Shops:
D !}[!


Innate Abilities, Weirdness & Mutations

You reflexively headbutt those who attack you in melee.
You have a pair of horns on your head.
You are agile. (Dex +2)
Your flesh is cold resistant.
You have a fast metabolism.


Message History

The vault guard is heavily wounded.
You block the vault guard's attack.
A vault guard comes into view. It is wielding a bardiche.
You whack the vault guard! You headbutt the vault guard.
The vault guard is severely wounded.
Your skeletal warrior barely misses the vault guard.
You hit the vault guard. You headbutt the vault guard.
The vault guard is almost dead.
You hit the vault guard.
The vault guard is almost dead.
You hit the vault guard but do no damage.
Your headbutt misses the vault guard.
The vault guard is almost dead.
Your skeletal warrior hits the vault guard from afar with a halberd.
The vault guard dies!
Yredelemnul accepts your slave's kill.
A vault guard comes into view. It is wielding a dire flail.
Quiver which item? (- for none, * to show all) (? for menu, Esc to quit)
Okay, then.
Are you sure you want to abandon this character and quit the game? (Confirm with "yes".)

W▓n▓.▓.▓.▓.▓.▓W▓A▓
W▓V▓(▓)▓=▓.▓.▓V▓n▓
W▓W▓(▓)▓.▓.▓.▓V▓A▓
W▓V▓%▓)▓"▓.▓.▓W▓z▓
W▓W▓D▓.▓.▓.▓%▓V▓%▓
W▓Z▓W▓.▓.▓.▓D▓.▓W▓
W▓z▓z▓.▓.▓.▓%▓.▓n▓
W▓W▓Z▓.▓)▓.▓%▓V▓z▓
W▓.▓W▓.▓)▓.▓%▓W▓@▓
W▓.▓V▓.▓)▓.▓V▓V▓)▓
W▓.▓V▓.▓)▓.▓W▓.▓.▓
.▓.▓.▓.▓)▓.▓W▓.▓.▓
A▓.▓[▓.▓)▓.▓W▓V▓p▓
.▓.▓(▓)▓.▓.▓)▓V▓.▓
A▓.▓Z▓.▓.▓.▓)▓V▓p▓
A▓.▓(▓)▓.▓.▓W▓V▓.▓
A▓A▓W▓.▓[▓.▓W▓V▓p▓


You could see 3 vault guards, 2 friendly profane servitors, 2 friendly ghouls, 2
friendly skeletal warriors, a friendly death cob and a friendly flayed ghost.

Vanquished Creatures
  Boris (D)
  Mennas (D)
  Frederick (D)
  A deep elf master archer (D)
  A tengu reaver (D)
  Ilsuiw (D)
  A fire giant (D)
  A frost giant (D)
  2 ghost moths (D)
  4 greater nagas (D)
  3 emperor scorpions (D)
  6 stone giants (D)
  A merfolk javelineer (D)
  A fire dragon (D)
  2 sirens (D)
  A yaktaur captain (D)
  7 hydras (D)
  18 vault guards (D)
  A great orb of eyes (D)
  4 naga warriors (D)
  2 ironheart preservers (D)
  An ice dragon (D)
  2 death yaks (D)
  A deep troll shaman (D)
  Urug (D)
  A very ugly thing (D)
  A skeletal warrior (D)
  2 sea snakes (D)
  A hill giant (D)
  2 swamp dragons (D)
  A water nymph (D)
  An unseen horror (D)
  3 ironbrand convokers (D)
  A necromancer (D)
  10 orc knights (D)
  An orc sorcerer (D)
  An elephant (D)
  A wolf spider (D)
  A cyclops (D)
  2 guardian serpents (D)
  A moth of wrath (D)
  2 naga magi (D)
  A kobold demonologist (D)
  A komodo dragon (D)
  4 spiny frogs (D)
  A yaktaur (D)
  A demonic crawler (D)
  2 jumping spiders (D)
  A merfolk (D)
  3 giant leeches (D)
  A fire drake (shapeshifter) (D)
  A bog body (D)
  3 slime creatures (D)
  A snapping turtle (D)
  2 ugly things (D)
  A boulder beetle (D)
  A wyvern (D)
  A spriggan (D)
  A hippogriff (D)
  2 deep elf magi (D)
  Grum (D)
  A vampire mosquito (D)
  2 wolves (D)
  4 nagas (D)
  2 water moccasins (D)
  2 porcupines (D)
  9 orc warriors (D)
  A yellow wasp (D)
  2 swamp drakes (D)
  A black bear (D)
  An ice beast (D)
  A centaur (D)
  A necrophage (D)
  A boring beetle (shapeshifter) (D)
  5 giant frogs (D)
  A killer bee (D)
  A hound (D)
  5 orc priests (D)
  2 orc wizards (D)
  2 adders (D)
  A giant mite (D)
  4 orcs (D)
  2 goblins (D)
  A kobold (D)
  2 quokkas (D)
  2 bats (D)
  A giant cockroach (D)
  A giant newt (D)
  A goblin skeleton (D)
  A goblin zombie (D)
  A kobold zombie (D)
  2 rats (D)
  A fungus (D)
190 creatures vanquished.

Vanquished Creatures (collateral kills)
  Margery (D)
  Nikola (D)
  A greater naga (D)
  A fire giant (D)
  2 frost giants (D)
  2 ghost moths (D)
  Louise (D)
  2 emperor scorpions (D)
  A stone giant (D)
  A dire elephant (D)
  2 vault guards (D)
  A fire dragon (D)
  3 merfolk impalers (D)
  3 hydras (D)
  A yaktaur captain (D)
  A human zombie (D)
  A satyr (D)
  An ogre mage (D)
  Erica (D)
  6 merfolk aquamancers (D)
  A shadow wraith (D)
  2 centaur warriors (D)
  A sea snake (D)
  An orb spider (D)
  2 hell knights (D)
  2 spriggan druids (D)
  A necromancer (D)
  4 orc knights (D)
  A red wasp (D)
  2 wolf spiders (D)
  A manticore (D)
  2 moths of wrath (D)
  A faun (D)
  A guardian serpent (D)
  A tarantella (D)
  3 naga magi (D)
  2 demonic crawlers (D)
  A ghoul skeleton (D)
  A merfolk (D)
  2 giant leeches (D)
  A slime creature (D)
  A bog body (D)
  A redback (D)
  A vampire (D)
  5 orc warriors (D)
  An ogre (D)
  A giant frog (D)
  A scorpion (D)
77 creatures vanquished.

Vanquished Creatures (others)
  3 profane servitors (D)
  2 bone dragons (D)
  6 ghouls (D)
  6 death cobs (D)
  An ice dragon (D)
  An ogre mage (D)
  A shadow wraith (D)
  5 skeletal warriors (D)
  5 flayed ghosts (D)
  11 phantasmal warriors (D)
  6 flying skulls (D)
  5 vampires (D)
  A wraith (D)
  A human zombie (D)
  A water moccasin (D)
  A spectral human (D)
  3 wights (D)
  2 mummies (D)
61 creatures vanquished.

Grand Total: 328 creatures vanquished

Notes
Turn   | Place    | Note
--------------------------------------------------------------
     0 | D        | MDvedh, the Minotaur Death Knight, began the quest for the Orb.
     0 | D        | Reached XP level 1. HP: 18/18 MP: 1/1
     7 | D        | Reached skill level 3 in Maces & Flails
     9 | D        | Acquired Yredelemnul's second power
     9 | D        | Reached skill level 4 in Maces & Flails
    23 | D        | Noticed a hound
    27 | D        | Acquired Yredelemnul's third power
    29 | D        | Reached skill level 5 in Maces & Flails
    29 | D        | Reached XP level 2. HP: 22/25 MP: 1/2
    32 | D        | Killed a hound
    32 | D        | Reached skill level 6 in Maces & Flails
    32 | D        | Reached XP level 3. HP: 21/30 MP: 1/5
   122 | D        | Found a glowing silver altar of Zin.
   122 | D        | Found a glowing golden altar of the Shining One.
   122 | D        | Found an ancient bone altar of Kikubaaqudgha.
   122 | D        | Found a basalt altar of Yredelemnul.
   122 | D        | Found a shimmering altar of Xom.
   122 | D        | Found a radiant altar of Vehumet.
   122 | D        | Found an iron altar of Okawaru.
   123 | D        | Found a burning altar of Makhleb.
   124 | D        | Found a deep blue altar of Sif Muna.
   125 | D        | Found a bloodstained altar of Trog.
   126 | D        | Found a sparkling altar of Nemelex Xobeh.
   127 | D        | Found a white marble altar of Elyvilon.
   128 | D        | Found a roughly hewn altar of Beogh.
   129 | D        | Found a viscous altar of Jiyva.
   130 | D        | Found a corrupted altar of Lugonu.
   131 | D        | Found a blossoming altar of Fedhas.
   132 | D        | Found a snail-covered altar of Cheibriados.
   133 | D        | Found a shadowy altar of Dithmenos.
   134 | D        | Found a stormy altar of Qazlal.
   135 | D        | Found an opulent altar of Gozag.
   191 | D        | Noticed a deep elf mage
   191 | D        | Noticed a killer bee
   191 | D        | Noticed a black bear
   191 | D        | Noticed a giant frog
   191 | D        | Noticed a necrophage
   193 | D        | Killed a deep elf mage
   193 | D        | Reached skill level 10 in Maces & Flails
   193 | D        | Reached XP level 4. HP: 37/37 MP: 5/8
   193 | D        | Reached XP level 5. HP: 42/42 MP: 6/10
   213 | D        | Killed a killer bee
   213 | D        | Acquired Yredelemnul's fourth power
   215 | D        | Killed a black bear
   215 | D        | Reached skill level 11 in Maces & Flails
   215 | D        | Reached XP level 6. HP: 29/50 MP: 9/14
   215 | D        | Received a gift from Yredelemnul
   216 | D        | Killed a giant frog
   216 | D        | Reached skill level 12 in Maces & Flails
   224 | D        | Killed a necrophage
   224 | D        | Reached skill level 10 in Invocations
   448 | D        | Noticed a cyclops
   448 | D        | Noticed a wyvern
   448 | D        | Noticed an ogre
   448 | D        | Noticed a boring beetle
   448 | D        | Noticed an ice beast
   455 | D        | Killed a cyclops
   455 | D        | Reached skill level 14 in Maces & Flails
   455 | D        | Reached XP level 7. HP: 56/56 MP: 3/18
   458 | D        | Killed a wyvern
   458 | D        | Received a gift from Yredelemnul
   464 | D        | Killed an ogre
   464 | D        | Reached XP level 8. HP: 44/67 MP: 4/20
   465 | D        | Killed a boring beetle
   467 | D        | Killed an ice beast
   467 | D        | Reached skill level 5 in Fighting
   685 | D        | Noticed a giant frog
   685 | D        | Noticed a komodo dragon
   685 | D        | Noticed a spiny frog
   685 | D        | Noticed a hippogriff
   685 | D        | Noticed an elephant
   689 | D        | Killed a giant frog
   689 | D        | Reached skill level 5 in Armour
   690 | D        | Acquired Yredelemnul's fifth power
   690 | D        | Received a gift from Yredelemnul
   690 | D        | Received a gift from Yredelemnul
   701 | D        | Killed a komodo dragon
   703 | D        | Killed a spiny frog
   707 | D        | Killed a hippogriff
   707 | D        | Reached XP level 9. HP: 57/82 MP: 20/22
   716 | D        | Killed an elephant
   722 | D        | Received a gift from Yredelemnul
   830 | D        | Noticed a water moccasin
   830 | D        | Noticed a death yak
   830 | D        | Noticed a porcupine
   830 | D        | Noticed a giant frog
   830 | D        | Noticed a death yak
   831 | D        | Received a gift from Yredelemnul
   832 | D        | Noticed a porcupine
   836 | D        | Killed a water moccasin
   837 | D        | Noticed an eight-headed hydra
   841 | D        | Killed a porcupine
   841 | D        | Killed a porcupine
   841 | D        | Reached skill level 10 in Fighting
   841 | D        | Received a gift from Yredelemnul
   842 | D        | Killed a giant frog
   842 | D        | Killed a death yak
   842 | D        | Reached skill level 10 in Armour
   843 | D        | Received a gift from Yredelemnul
   850 | D        | Killed a death yak
   850 | D        | Reached XP level 10. HP: 89/96 MP: 5/24
   852 | D        | Killed an eight-headed hydra
   852 | D        | Reached skill level 15 in Invocations
   852 | D        | Received a gift from Yredelemnul
   869 | D        | Noticed a giant leech
   869 | D        | Noticed a spiny frog
   869 | D        | Noticed a vampire mosquito
   869 | D        | Noticed a spiny frog
   869 | D        | Noticed a giant leech
   869 | D        | Noticed a giant leech
   869 | D        | Noticed a giant leech
   884 | D        | Killed a giant leech
   887 | D        | Killed a spiny frog
   891 | D        | Noticed a giant frog
   891 | D        | Killed a vampire mosquito
   897 | D        | Killed a spiny frog
   920 | D        | Killed a giant leech
   944 | D        | Killed a giant leech
   944 | D        | Received a gift from Yredelemnul
   966 | D        | Killed a giant frog
   973 | D        | Killed a giant leech
  1157 | D        | Noticed Psyche
  1165 | D        | Killed Psyche
  1165 | D        | Enslaved Psyche
  1248 | D        | Noticed an orc knight
  1248 | D        | Noticed an orc wizard
  1248 | D        | Noticed an orc priest
  1248 | D        | Noticed an orc priest
  1248 | D        | Noticed an orc priest
  1248 | D        | Noticed an orc wizard
  1250 | D        | Received a gift from Yredelemnul
  1251 | D        | Noticed an orc priest
  1251 | D        | Killed an orc wizard
  1251 | D        | Killed an orc priest
  1251 | D        | Killed an orc priest
  1251 | D        | Killed an orc priest
  1251 | D        | Killed an orc wizard
  1251 | D        | Killed an orc priest
  1251 | D        | Received a gift from Yredelemnul
  1253 | D        | Killed an orc knight
  1254 | D        | Noticed an orc priest
  1257 | D        | Noticed an orc warrior
  1259 | D        | Noticed a stone giant
  1262 | D        | Killed an orc priest
  1262 | D        | Received a gift from Yredelemnul
  1269 | D        | Killed an orc warrior
  1272 | D        | Received a gift from Yredelemnul
  1280 | D        | Killed a stone giant
  1280 | D        | Reached skill level 16 in Invocations
  1631 | D        | Noticed an orc warrior
  1631 | D        | Noticed an orc warrior
  1631 | D        | Noticed an orc warrior
  1631 | D        | Noticed an orc warrior
  1631 | D        | Noticed an orc warrior
  1631 | D        | Noticed an orc warrior
  1631 | D        | Noticed an orc sorcerer
  1634 | D        | Killed an orc warrior
  1634 | D        | Received a gift from Yredelemnul
  1635 | D        | Noticed an orc warrior
  1636 | D        | Noticed an orc knight
  1642 | D        | Killed an orc warrior
  1643 | D        | Noticed a sun demon
  1643 | D        | Killed an orc warrior
  1643 | D        | Reached XP level 11. HP: 100/111 MP: 20/27
  1643 | D        | Killed an orc warrior
  1643 | D        | Killed an orc warrior
  1643 | D        | Killed an orc warrior
  1643 | D        | Killed an orc sorcerer
  1643 | D        | Received a gift from Yredelemnul
  1643 | D        | Received a gift from Yredelemnul
  1644 | D        | Noticed an orc knight
  1645 | D        | Noticed an orc warrior
  1645 | D        | Killed an orc knight
  1646 | D        | Noticed an orc warrior
  1653 | D        | Killed an orc warrior
  1658 | D        | Killed an orc knight
  1658 | D        | Reached skill level 15 in Fighting
  1660 | D        | Killed an orc warrior
  1660 | D        | Received a gift from Yredelemnul
  1663 | D        | Killed an orc warrior
  1702 | D        | Found Salaa's Distillery.
  1702 | D        | Noticed an orc knight
  1702 | D        | Noticed an orc knight
  1702 | D        | Noticed an orc knight
  1702 | D        | Noticed an orc warrior
  1702 | D        | Noticed an orc warrior
  1702 | D        | Noticed an orc knight
  1705 | D        | Noticed an orc knight
  1709 | D        | Killed an orc knight
  1709 | D        | Reached skill level 15 in Armour
  1710 | D        | Found Rapyll's Gadget Shoppe.
  1713 | D        | Killed an orc knight
  1713 | D        | Received a gift from Yredelemnul
  1715 | D        | Noticed an orc knight
  1720 | D        | Killed an orc knight
  1723 | D        | Killed an orc knight
  1723 | D        | Reached skill level 17 in Invocations
  1723 | D        | Received a gift from Yredelemnul
  1724 | D        | Found Cheaf's Antique Armour Emporium.
  1724 | D        | Noticed an orc knight
  1725 | D        | Noticed an orc warrior
  1726 | D        | Killed an orc warrior
  1731 | D        | Noticed an orc knight
  1738 | D        | Killed an orc knight
  1739 | D        | Found Kiaph's Distillery.
  1740 | D        | Killed an orc warrior
  1742 | D        | Killed an orc knight
  1743 | D        | Received a gift from Yredelemnul
  1745 | D        | Killed an orc knight
  1746 | D        | Killed an orc warrior
  1751 | D        | Killed an orc knight
  1797 | D        | Noticed an orc knight
  1798 | D        | Noticed an orc warrior
  1812 | D        | Killed an orc knight
  1814 | D        | Killed an orc warrior
  1827 | D        | Bought a wand of heal wounds (3) for 546 gold pieces
  1830 | D        | Bought a potion of curing for 20 gold pieces
  1830 | D        | Bought a potion of curing for 20 gold pieces
  1830 | D        | Bought a potion of curing for 20 gold pieces
  1830 | D        | Bought a potion of haste for 70 gold pieces
  1830 | D        | Bought 2 potions of haste for 140 gold pieces
  1830 | D        | Bought 2 potions of curing for 40 gold pieces
  1830 | D        | Bought a potion of curing for 20 gold pieces
  1830 | D        | Bought a potion of curing for 20 gold pieces
  1830 | D        | Bought a potion of curing for 20 gold pieces
  1984 | D        | Bought a potion of curing for 28 gold pieces
  1984 | D        | Bought a potion of curing for 28 gold pieces
  1984 | D        | Bought a potion of curing for 28 gold pieces
  1984 | D        | Bought a potion of haste for 98 gold pieces
  1984 | D        | Bought a potion of curing for 28 gold pieces
  1984 | D        | Bought a potion of might for 35 gold pieces
  1985 | D        | Bought a potion of mutation for 35 gold pieces
  1986 | D        | Gained mutation: You have a fast metabolism. [potion of mutation]
  1986 | D        | Gained mutation: You are agile. (Dex +2) [potion of mutation]
  1986 | D        | Gained mutation: Your flesh is cold resistant. [potion of mutation]
  2127 | D        | Noticed Erica
  2134 | D        | Killed Erica
  2135 | D        | Received a gift from Yredelemnul
  2237 | D        | Noticed a yellow wasp
  2237 | D        | Noticed a manticore
  2237 | D        | Noticed a centaur
  2237 | D        | Noticed a centaur warrior
  2237 | D        | Noticed a skeletal warrior
  2237 | D        | Noticed a giant frog
  2241 | D        | Killed a yellow wasp
  2241 | D        | Killed a centaur
  2242 | D        | Killed a centaur warrior
  2242 | D        | Killed a manticore
  2243 | D        | Received a gift from Yredelemnul
  2243 | D        | Noticed a deep elf mage
  2244 | D        | Noticed a stone giant
  2245 | D        | Noticed a fire giant
  2255 | D        | Killed a skeletal warrior
  2256 | D        | Killed a giant frog
  2257 | D        | Noticed a centaur warrior
  2258 | D        | Noticed a vampire
  2261 | D        | Noticed a dire elephant
  2262 | D        | Killed a deep elf mage
  2262 | D        | Received a gift from Yredelemnul
  2264 | D        | Noticed a slime creature
  2271 | D        | Killed a vampire
  2279 | D        | Killed a stone giant
  2279 | D        | Reached skill level 18 in Invocations
  2279 | D        | Reached XP level 12. HP: 71/125 MP: 20/29
  2282 | D        | Killed a slime creature
  2286 | D        | Killed an ogre mage
  2293 | D        | Killed a fire giant
  2298 | D        | Killed a centaur warrior
  2303 | D        | Killed a dire elephant
  2304 | D        | Received a gift from Yredelemnul
  2537 | D        | Noticed a wolf
  2539 | D        | Noticed Grum
  2543 | D        | Noticed a wolf
  2546 | D        | Killed a wolf
  2552 | D        | Killed Grum
  2552 | D        | Received a gift from Yredelemnul
  2555 | D        | Killed a wolf
  2586 | D        | Noticed a jumping spider
  2586 | D        | Noticed a wolf spider
  2586 | D        | Noticed a demonic crawler
  2586 | D        | Noticed a moth of wrath
  2586 | D        | Noticed a red wasp
  2586 | D        | Noticed a demonic crawler
  2586 | D        | Noticed a tarantella
  2590 | D        | Killed a jumping spider
  2591 | D        | Noticed a scorpion
  2597 | D        | Killed a wolf spider
  2600 | D        | Killed a demonic crawler
  2601 | D        | Killed a moth of wrath
  2603 | D        | Killed a red wasp
  2604 | D        | Noticed an orb spider
  2607 | D        | Killed a demonic crawler
  2610 | D        | Killed a tarantella
  2616 | D        | Killed an orb spider
  2618 | D        | Killed a scorpion
  2866 | D        | Noticed a sea snake
  2866 | D        | Noticed a snapping turtle
  2866 | D        | Noticed a sea snake
  2866 | D        | Noticed a sea snake
  2866 | D        | Noticed a merfolk
  2866 | D        | Noticed a satyr
  2866 | D        | Noticed a water nymph
  2871 | D        | Noticed a faun
  2871 | D        | Killed a sea snake
  2871 | D        | Reached skill level 19 in Invocations
  2871 | D        | Killed a snapping turtle
  2871 | D        | Killed a sea snake
  2871 | D        | Killed a merfolk
  2871 | D        | Killed a water nymph
  2871 | D        | Received a gift from Yredelemnul
  2871 | D        | Received a gift from Yredelemnul
  2873 | D        | Noticed a merfolk
  2875 | D        | Killed a sea snake
  2875 | D        | Killed a satyr
  2880 | D        | Killed a faun
  2881 | D        | Received a gift from Yredelemnul
  2886 | D        | Killed a merfolk
  2908 | D        | Noticed a naga warrior
  2908 | D        | Noticed a naga warrior
  2908 | D        | Noticed a naga
  2908 | D        | Noticed a water moccasin
  2908 | D        | Noticed a naga mage
  2908 | D        | Noticed a naga mage
  2908 | D        | Noticed a naga mage
  2912 | D        | Noticed a greater naga
  2916 | D        | Killed a naga warrior
  2916 | D        | Received a gift from Yredelemnul
  2922 | D        | Noticed a naga
  2926 | D        | Killed a naga warrior
  2927 | D        | Killed a naga
  2931 | D        | Killed a naga
  2931 | D        | Received a gift from Yredelemnul
  2932 | D        | Killed a water moccasin
  2938 | D        | Killed a greater naga
  2938 | D        | Reached XP level 13. HP: 28/139 MP: 7/31
  2939 | D        | Killed a naga mage
  2940 | D        | Killed a naga mage
  2941 | D        | Received a gift from Yredelemnul
  2941 | D        | Killed a naga mage
  3261 | D        | Noticed a spiny frog
  3261 | D        | Noticed a water moccasin
  3261 | D        | Noticed a bog body
  3261 | D        | Noticed a bog body
  3261 | D        | Noticed a spriggan druid
  3261 | D        | Noticed a slime creature
  3261 | D        | Noticed a giant leech
  3264 | D        | Killed a spiny frog
  3264 | D        | Reached skill level 20 in Fighting
  3268 | D        | Noticed a five-headed hydra
  3268 | D        | Killed a water moccasin
  3274 | D        | Killed a bog body
  3277 | D        | Killed a bog body
  3279 | D        | Killed a spriggan druid
  3282 | D        | Killed a slime creature
  3286 | D        | Killed a giant leech
  3294 | D        | Killed a five-headed hydra
  3349 | D        | Killed a wolf spider
  3754 | D        | Killed an unseen horror
  3754 | D        | Received a gift from Yredelemnul
  3768 | D        | Noticed a seven-headed hydra
  3776 | D        | Killed a seven-headed hydra
  3816 | D        | Noticed a four-headed hydra
  3826 | D        | Killed a four-headed hydra
  3826 | D        | Received a gift from Yredelemnul
  3826 | D        | Received a gift from Yredelemnul
  3972 | D        | Bought a glowing shield for 94 gold pieces
  4309 | D        | Noticed Urug
  4323 | D        | Killed Urug
  4469 | D        | Noticed a stone giant
  4469 | D        | Noticed a fire drake
  4469 | D        | Noticed a stone giant
  4469 | D        | Noticed a hill giant
  4469 | D        | Noticed a cyan very ugly thing
  4469 | D        | Noticed a stone giant
  4469 | D        | Noticed a fire dragon
  4470 | D        | Noticed a frost giant
  4472 | D        | Killed a fire drake
  4476 | D        | Noticed a fire giant
  4476 | D        | Killed a hill giant
  4476 | D        | Killed a cyan very ugly thing
  4477 | D        | Killed a stone giant
  4478 | D        | Noticed a frost giant
  4480 | D        | Killed a stone giant
  4480 | D        | Reached skill level 10 in Shields
  4481 | D        | Noticed a fire dragon
  4483 | D        | Noticed a stone giant
  4483 | D        | Killed a stone giant
  4483 | D        | Received a gift from Yredelemnul
  4486 | D        | Noticed a frost giant
  4488 | D        | Killed a fire dragon
  4488 | D        | Received a gift from Yredelemnul
  4494 | D        | Killed a frost giant
  4502 | D        | Killed a fire giant
  4511 | D        | Killed a frost giant
  4512 | D        | Received a gift from Yredelemnul
  4521 | D        | Killed a fire dragon
  4525 | D        | Killed a stone giant
  4525 | D        | Reached skill level 15 in Shields
  4532 | D        | Killed a frost giant
  4770 | D        | Noticed a deep troll shaman
  4771 | D        | Noticed an ice dragon
  4772 | D        | Noticed an ice dragon
  4773 | D        | Noticed a tengu reaver
  4776 | D        | Killed a deep troll shaman
  4776 | D        | Received a gift from Yredelemnul
  4777 | D        | Noticed a stone giant
  4785 | D        | Killed an ice dragon
  4796 | D        | Killed an ice dragon
  4806 | D        | Killed a tengu reaver
  4811 | D        | Killed a stone giant
  4811 | D        | Reached XP level 14. HP: 15/149 MP: 21/32
  4814 | D        | Identified the +3,+4 halberd of the Magi {drain, +Rage MR+ Stlth--} (You found it in the Dungeon)
  5231 | D        | Noticed an ironbrand convoker
  5231 | D        | Noticed a slime creature
  5231 | D        | Noticed an ironheart preserver
  5231 | D        | Noticed a slime creature
  5231 | D        | Noticed an ironheart preserver
  5231 | D        | Noticed a yaktaur captain
  5234 | D        | Killed an ironbrand convoker
  5235 | D        | Noticed an orc knight
  5238 | D        | Killed a slime creature
  5239 | D        | Noticed a yaktaur
  5246 | D        | Noticed a kobold demonologist
  5251 | D        | Killed an ironheart preserver
  5257 | D        | Killed a slime creature
  5257 | D        | Killed an ironheart preserver
  5257 | D        | Received a gift from Yredelemnul
  5259 | D        | Noticed a purple ugly thing
  5260 | D        | Noticed an orc knight
  5265 | D        | Killed a yaktaur
  5265 | D        | Killed a kobold demonologist
  5265 | D        | Killed a purple ugly thing
  5266 | D        | Killed a yaktaur captain
  5266 | D        | Killed an orc knight
  5266 | D        | Killed an orc knight
  5269 | D        | Noticed an ironbrand convoker
  5270 | D        | Noticed a great orb of eyes
  5272 | D        | Noticed an ogre mage
  5273 | D        | Noticed a boulder beetle
  5280 | D        | Killed an ironbrand convoker
  5280 | D        | Received a gift from Yredelemnul
  5283 | D        | Noticed a brown ugly thing
  5284 | D        | Killed an ogre mage
  5285 | D        | Noticed an ironbrand convoker
  5287 | D        | Killed a great orb of eyes
  5290 | D        | Killed a shadow wraith
  5295 | D        | Noticed a vault guard
  5295 | D        | Noticed a naga warrior
  5295 | D        | Noticed a spriggan baker
  5295 | D        | Noticed a deep elf master archer
  5299 | D        | Killed a boulder beetle
  5299 | D        | Received a gift from Yredelemnul
  5303 | D        | Killed a brown ugly thing
  5303 | D        | Reached skill level 21 in Shields
  5306 | D        | Killed a spriggan baker
  5306 | D        | Received a gift from Yredelemnul
  5311 | D        | Killed an ironbrand convoker
  5311 | D        | Received a gift from Yredelemnul
  5312 | D        | Noticed a yaktaur captain
  5322 | D        | Killed a naga warrior
  5336 | D        | Killed a yaktaur captain
  5342 | D        | Killed a deep elf master archer
  5342 | D        | Reached skill level 22 in Shields
  5349 | D        | Killed a shadow wraith
  5357 | D        | Killed a vault guard
  5358 | D        | Received a gift from Yredelemnul
  5444 | D        | Noticed a hell knight
  5446 | D        | Noticed Margery
  5473 | D        | Killed Margery
  5473 | D        | Reached skill level 23 in Shields
  5483 | D        | Killed a hell knight
  5491 | D        | Killed a necromancer
  5492 | D        | Received a gift from Yredelemnul
  5527 | D        | Your ally Psyche died
  5539 | D        | Noticed a hell knight
  5546 | D        | Killed Boris
  5550 | D        | Killed a hell knight
  5550 | D        | Reached skill level 24 in Shields
  5862 | D        | Noticed a necromancer
  5869 | D        | Killed a necromancer
  5869 | D        | Received a gift from Yredelemnul
  5869 | D        | Received a gift from Yredelemnul
  6130 | D        | Noticed an emperor scorpion
  6162 | D        | Killed an emperor scorpion
  6382 | D        | Noticed Louise
  6414 | D        | Killed Louise
  6427 | D        | Killed Nikola
  6427 | D        | Reached skill level 25 in Shields
  6428 | D        | Received a gift from Yredelemnul
  6428 | D        | Received a gift from Yredelemnul
  6450 | D        | Noticed a moth of wrath
  6450 | D        | Noticed a wolf spider
  6450 | D        | Noticed an emperor scorpion
  6450 | D        | Noticed an emperor scorpion
  6452 | D        | Killed a moth of wrath
  6458 | D        | Killed a ghost moth
  6472 | D        | Killed an emperor scorpion
  6493 | D        | Killed an emperor scorpion
  6493 | D        | Received a gift from Yredelemnul
  6498 | D        | Killed a wolf spider
  6498 | D        | Reached skill level 26 in Shields
  6508 | D        | Killed a ghost moth
  6518 | D        | Killed a ghost moth
  6518 | D        | Received a gift from Yredelemnul
  6519 | D        | Noticed an emperor scorpion
  6521 | D        | Noticed a jumping spider
  6522 | D        | Noticed an emperor scorpion
  6523 | D        | Noticed a demonic crawler
  6544 | D        | Killed an emperor scorpion
  6557 | D        | Killed a jumping spider
  6559 | D        | Killed an emperor scorpion
  6559 | D        | Reached skill level 27 in Shields
  6566 | D        | Killed a demonic crawler
  6569 | D        | Got a gossamer rune of Zot
  6576 | D        | Noticed a greater naga
  6576 | D        | Noticed a guardian serpent
  6576 | D        | Noticed a naga
  6576 | D        | Noticed a greater naga
  6576 | D        | Noticed a naga mage
  6576 | D        | Noticed a greater naga
  6577 | D        | Noticed a guardian serpent
  6578 | D        | Noticed a guardian serpent
  6586 | D        | Killed a guardian serpent
  6586 | D        | Reached XP level 15. HP: 157/157 MP: 5/33
  6586 | D        | Received a gift from Yredelemnul
  6588 | D        | Noticed a naga warrior
  6594 | D        | Killed a greater naga
  6595 | D        | Noticed a naga mage
  6596 | D        | Killed a guardian serpent
  6597 | D        | Received a gift from Yredelemnul
  6597 | D        | Killed a naga
  6598 | D        | Noticed a greater naga
  6598 | D        | Killed a guardian serpent
  6598 | D        | Received a gift from Yredelemnul
  6599 | D        | Noticed a naga
  6609 | D        | Killed a greater naga
  6616 | D        | Killed a greater naga
  6624 | D        | Killed a naga warrior
  6624 | D        | Reached skill level 15 in Maces & Flails
  6626 | D        | Killed a naga mage
  6632 | D        | Killed a greater naga
  6636 | D        | Killed a naga mage
  6636 | D        | Received a gift from Yredelemnul
  6640 | D        | Killed a naga
  6742 | D        | Got a serpentine rune of Zot
  6749 | D        | Noticed an eight-headed hydra
  6749 | D        | Noticed a swamp dragon
  6749 | D        | Noticed a swamp drake
  6749 | D        | Noticed an eight-headed hydra
  6749 | D        | Noticed an eight-headed hydra
  6749 | D        | Noticed a spriggan druid
  6751 | D        | Noticed a six-headed hydra
  6752 | D        | Killed a swamp drake
  6754 | D        | Killed an eight-headed hydra
  6754 | D        | Received a gift from Yredelemnul
  6759 | D        | Killed a swamp dragon
  6761 | D        | Noticed a seven-headed hydra
  6761 | D        | Killed an eight-headed hydra
  6761 | D        | Received a gift from Yredelemnul
  6762 | D        | Noticed a swamp drake
  6764 | D        | Noticed a seven-headed hydra
  6767 | D        | Killed an eight-headed hydra
  6769 | D        | Noticed a swamp dragon
  6771 | D        | Killed a spriggan druid
  6773 | D        | Killed a six-headed hydra
  6780 | D        | Killed a seven-headed hydra
  6785 | D        | Killed a swamp drake
  6789 | D        | Killed a seven-headed hydra
  6789 | D        | Received a gift from Yredelemnul
  6794 | D        | Killed a swamp dragon
  6930 | D        | Killed a moth of wrath
  6931 | D        | Received a gift from Yredelemnul
  6936 | D        | Got a decaying rune of Zot
  6994 | D        | Noticed a merfolk impaler
  6994 | D        | Noticed a siren
  6994 | D        | Noticed a merfolk impaler
  6994 | D        | Noticed a siren
  6994 | D        | Noticed a merfolk javelineer
  6994 | D        | Noticed a merfolk aquamancer
  6994 | D        | Noticed Ilsuiw
  6995 | D        | Noticed a merfolk aquamancer
  7002 | D        | Killed a siren
  7005 | D        | Killed a ghost moth
  7006 | D        | Noticed a merfolk aquamancer
  7008 | D        | Killed a siren
  7008 | D        | Received a gift from Yredelemnul
  7009 | D        | Noticed a merfolk aquamancer
  7010 | D        | Killed a redback
  7011 | D        | Killed a merfolk javelineer
  7011 | D        | Received a gift from Yredelemnul
  7021 | D        | Killed Ilsuiw
  7022 | D        | Noticed a merfolk aquamancer
  7026 | D        | Noticed a merfolk aquamancer
  7029 | D        | Killed a merfolk aquamancer
  7033 | D        | Killed a merfolk aquamancer
  7034 | D        | Received a gift from Yredelemnul
  7036 | D        | Killed a merfolk aquamancer
  7038 | D        | Noticed a giant frog
  7039 | D        | Killed a giant frog
  7039 | D        | Killed a merfolk aquamancer
  7041 | D        | Killed a merfolk aquamancer
  7045 | D        | Killed a merfolk aquamancer
  7048 | D        | Killed a merfolk impaler
  7051 | D        | Killed a merfolk impaler
  7054 | D        | Killed a merfolk impaler
  7073 | D        | Got a barnacled rune of Zot
  7157 | D        | Noticed Mennas
  7236 | D        | Killed Mennas
  7236 | D        | Received a gift from Yredelemnul
  7237 | D        | Noticed Frederick
  7257 | D        | Killed Frederick
  7630 | D        | Noticed a vault guard
  7630 | D        | Noticed a vault guard
  7630 | D        | Noticed a vault guard
  7630 | D        | Noticed a vault guard
  7630 | D        | Noticed a vault guard
  7630 | D        | Noticed a vault guard
  7635 | D        | Killed a vault guard
  7635 | D        | Received a gift from Yredelemnul
  7636 | D        | Noticed a vault guard
  7643 | D        | Noticed a vault guard
  7649 | D        | Noticed a vault guard
  7651 | D        | Killed a vault guard
  7651 | D        | Received a gift from Yredelemnul
  7652 | D        | Noticed a vault guard
  7657 | D        | Killed a vault guard
  7666 | D        | Killed a vault guard
  7667 | D        | Noticed a vault guard
  7674 | D        | Killed a vault guard
  7683 | D        | Noticed a vault guard
  7687 | D        | Killed a vault guard
  7687 | D        | Received a gift from Yredelemnul
  7698 | D        | Killed a vault guard
  7716 | D        | Killed a vault guard
  7728 | D        | Killed a vault guard
  7728 | D        | Received a gift from Yredelemnul
  7729 | D        | Noticed a vault guard
  7736 | D        | Killed a vault guard
  7737 | D        | Noticed a vault guard
  7738 | D        | Noticed a vault guard
  7743 | D        | Killed a vault guard
  7744 | D        | Noticed a vault guard
  7746 | D        | Noticed a vault guard
  7749 | D        | Killed a vault guard
  7749 | D        | Received a gift from Yredelemnul
  7750 | D        | Noticed a vault guard
  7751 | D        | Killed a vault guard
  7764 | D        | Killed a vault guard
  7764 | D        | Reached XP level 16. HP: 153/172 MP: 35/35
  7772 | D        | Killed a vault guard
  7782 | D        | Killed a vault guard
  7783 | D        | Noticed a vault guard
  7789 | D        | Killed a vault guard
  7793 | D        | Killed a vault guard
  7793 | D        | Received a gift from Yredelemnul
  7794 | D        | Noticed a vault guard
  7796 | D        | Noticed a vault guard
  7799 | D        | Killed a vault guard
  7800 | D        | Noticed a vault guard
  7800 | D        | Quit the game

Action                   |  1- 3 |  4- 6 |  7- 9 | 10-12 | 13-15 | 16-18 || total
-------------------------+-------+-------+-------+-------+-------+-------++-------
Melee: Mace              |    24 |       |       |       |       |       ||    24
       Dire flail        |     2 |    33 |    59 |   140 |       |       ||   234
       Demon whip        |       |       |       |    85 |   641 |    31 ||   757
Invok: Drain Life        |       |     2 |     3 |    25 |    22 |       ||    52
       Enslave Soul      |       |       |       |     1 |     1 |       ||     2
  Use: Potion            |       |     3 |       |     4 |     4 |       ||    11
       Scroll            |       |       |       |     6 |     6 |       ||    12
 Stab: Distracted        |       |       |       |       |     1 |       ||     1
